 Dungeon Crawl Stone Soup version 0.28.0-1-gb440e238dd (webtiles) character file.

Game seed: 5025930419786534118

177 Bearnado the Poker (level 5, -1/70 HPs)
             Began as a Minotaur Berserker on Feb 25, 2022.
             Was a Believer of Trog.
             Slain by a gnoll (3 damage)
             ... on level 4 of the Dungeon.
             The game lasted 00:04:47 (2654 turns).

Bearnado the Poker (Minotaur Berserker)             Turns: 2654, Time: 00:04:48

Health: -1/70      AC: 11    Str: 23    XL:     5   Next: 30%
Magic:  4/4        EV:  5    Int:  4    God:    Trog [**....]
Gold:   108        SH:  6    Dex: 10    Spells: 4/4 levels left

rFire   . . .      SeeInvis .   a - +0 spear
rCold   . . .      Faith    .   q - +0 kite shield
rNeg    . . .      Spirit   .   o - +0 plate armour
rPois   .          Reflect  .   (helmet restricted)
rElec   .          Harm     .   (no cloak)
rCorr   .          Rampage  .   (no gloves)
Will    ++...                   (no boots)
Stlth   ..........              (no amulet)
HPRegen 1.21/turn               (no ring)
MPRegen 0.09/turn               (no ring)

@: berserking (expiring), strong-willed, regenerating, very quick
A: horns 2, retaliatory headbutt
a: Renounce Religion, Berserk, Trog's Hand


You were on level 4 of the Dungeon.
You worshipped Trog.
Trog was pleased with you.
You visited 1 branch of the dungeon, and saw 4 of its levels.

You collected 108 gold pieces.

Inventory:

Hand Weapons
 a - a +0 spear (weapon)
 m - a +0 hunting sling
Missiles
 i - 30 arrows
 p - a throwing net (quivered)
Armour
 h - a +0 ring mail
 o - a +0 plate armour (worn)
 q - a +0 kite shield (worn)
Jewellery
 t - an amulet of the acrobat
Wands
 r - a wand of iceblast (12)
Scrolls
 c - a scroll of noise {unknown}
 d - a scroll of blinking {unknown}
 f - 2 scrolls of teleportation {unknown}
 k - 2 scrolls of identify {unknown}
 l - a scroll of magic mapping {unknown}
 n - 2 scrolls of immolation {unknown}
Potions
 b - 3 potions of mutation {unknown}
 e - a potion of invisibility {unknown}
 g - a potion of degeneration {unknown}
 j - a potion of resistance {unknown}
 s - a potion of heal wounds {unknown}


   Skills:
 + Level 4.9 Fighting
 + Level 5.7 Polearms
 + Level 3.4 Armour
 + Level 2.6 Dodging


You had 4 spell levels left.
You didn't know any spells.
Your spell library was empty.

Dungeon Overview and Level Annotations

Branches:
Dungeon (4/15)
 Temple: D:4-7

Altars:


Innate Abilities, Weirdness & Mutations

You have a pair of horns on your head.
You reflexively headbutt those who attack you in melee.


Message History

The hound bites you.
* * * LOW HITPOINT WARNING * * *
You hit the hound.
You feel the power of Trog in you as your rage grows.
You kill the hound!
Trog accepts your kill. The gnoll barely misses you.
You have reached level 5!
The gnoll hits you but does no damage.
You hit the gnoll.
The gnoll is moderately wounded.
The jackal bites you but does no damage.
You barely miss the gnoll. You headbutt the gnoll.
The gnoll is heavily wounded.
You block the gnoll's attack.
You barely miss the gnoll. Your headbutt misses the gnoll.
The gnoll is heavily wounded.
The jackal barely misses you.
The gnoll hits you from afar with a +0 spear.
* * * LOW HITPOINT WARNING * * *
The gnoll hits you with a +0 whip!
* * * LOW HITPOINT WARNING * * *
You puncture the gnoll!
You kill the gnoll!
Trog accepts your kill.
The jackal bites you but does no damage.
You block the gnoll's attack.
You puncture the jackal!
You kill the jackal!
Trog accepts your kill. The gnoll hits you with a +0 halberd!
* * * LOW HITPOINT WARNING * * *
Things that are here:
a +0 whip; a throwing net; a gnoll corpse You closely miss the gnoll.
Your headbutt misses the gnoll. You block the gnoll's attack.
You hit the gnoll. You headbutt the gnoll!
The gnoll is almost dead.
The gnoll hits you with a +0 halberd.
You die...

##... #.#..## h
....#......#.. hh
............. #.
#............#
#h#..............
#...............
#..†.g..........
#†#g.>.......
#†#@.#.......
#............
##...........
#...<...#..
#...[....#
#...........[
......#.#......
.....##........
......##........


You could see 2 gnolls.

Vanquished Creatures
  A howler monkey (D:3)
  A hound (D:4)
  A gnoll (D:4)
  3 adders
  A worm (D:2)
  2 orcs (D:3)
  3 ball pythons (D:1)
  8 endoplasms
  4 giant cockroaches
  3 goblins
  3 hobgoblins
  12 jackals
  A quokka (D:2)
  7 bats
  2 frilled lizards (D:1)
  4 kobolds
  10 rats
66 creatures vanquished.

Notes
Turn   | Place    | Note
-------+----------+-------------------------------------------
     0 | D:1      | Bearnado the Minotaur Berserker began the quest for the
                  | Orb.
     0 | D:1      | Reached XP level 1. HP: 19/19 MP: 0/0
   246 | D:1      | Reached XP level 2. HP: 21/27 MP: 1/1
   331 | D:1      | Reached skill level 4 in Polearms
   574 | D:1      | Reached ** piety under Trog
   761 | D:1      | Found a faded altar of an unknown god.
   842 | D:2      | Reached XP level 3. HP: 33/33 MP: 2/2
   990 | D:2      | You fall into a shaft and drop 1 floor!
  1144 | D:3      | Reached XP level 4. HP: 35/41 MP: 3/3
  2117 | D:2      | Reached skill level 5 in Polearms
  2646 | D:4      | Reached XP level 5. HP: 17/47 MP: 4/4
  2652 | D:4      | HP: 1/70 [gnoll (12)]
  2654 | D:4      | Slain by a gnoll

Illustrated notes

Levels and vault maps discovered:
D:1:      nagdon_arrival_zigzag_paths, layout_rooms,
          ebering_ecumenical_altar_sacrificial
D:2:      minmay_chambers_of_ones, layout_rooms
D:3:      layout_loops_corners
D:4:      layout_layer_cave, minmay_temple_entry_stoned_glass,
          portal_sewer_entry_e

Skill      XL: |  1  2  3  4 |
---------------+-------------+-----
Polearms       | 4 5 |  5.7
Fighting       | 4 |  4.9
Armour         | 3 |  3.4
Dodging        | |  2.6

Action                   |  1- 3 |  4- 6 || total
-------------------------+-------+-------++-------
Melee: Spear             |    99 |   131 ||   230
       Headbutt          |    10 |    10 ||    20
Invok: Berserk           |       |     1 ||     1
       Trog's Hand       |       |     1 ||     1
Armor: Animal skin       |     4 |       ||     4
       Ring mail         |     6 |       ||     6
       Plate armour      |    12 |    79 ||    91
Dodge: Dodged            |    35 |    24 ||    59
Block: Kite shield       |       |    28 ||    28
